 Dungeon Crawl Stone Soup version 0.31.0-32-g396128a36d (webtiles) character file.

Game seed: 517669352217527858

396 Killerpretzel the Changeling (level 6, 0/42 HPs)
             Began as an Octopode Shapeshifter on Mar 8, 2024.
             Was an Initiate of Vehumet.
             Slain by a gnoll
             ... wielding a +0 spear
             ... led by a gnoll sergeant
              (7 damage)
             ... on level 5 of the Dungeon.
             The game lasted 00:03:44 (3717 turns).

Killerpretzel the Changeling (OpSh)                 Turns: 3717, Time: 00:03:45

Health: 0/42       AC:  1    Str: 13    XL:     6   Next: 82%
Magic:  6/6        EV: 14    Int: 13    God:    Vehumet [......]
Gold:   341        SH:  5    Dex: 13    Spells: 5/5 levels left

rFire   + .          .
                       - Unarmed
rCold   . . .        (no shield)
rNeg    . . .        (helmet currently unavailable)
rPois   .            d - amulet of reflection
rElec   .            l - ring of resist corrosion
rCorr   +            p - ring of protection from fire
SInv    .            (no ring)
Will    .....        (no ring)
Stlth   ++           (no ring)
HPRegen 0.27/turn    (no ring)
MPRegen 0.10/turn    (no ring)
                     (no ring)

%: reflection
@: beast-form
A: beast (slay +2), almost no armour, amphibious, 8 rings, camouflage 1,
gelatinous body 1, (nimble swimmer 1), tentacles
a: Begin Untransformation, Renounce Religion


You were on level 5 of the Dungeon.
You worshipped Vehumet.
Vehumet was noncommittal.
You were a hulking beast.
You visited 2 branches of the dungeon, and saw 6 of its levels.

You collected 341 gold pieces.

Inventory:

Missiles
 f - 3 boomerangs (quivered)
 h - 32 stones
 i - 2 curare-tipped darts
 k - 2 atropa-tipped darts
Jewellery
 d - an amulet of reflection (around mantle)
 l - a ring of resist corrosion (left tentacle)
 p - a ring of protection from fire (right tentacle)
Talismans
 b - a beast talisman
 c - a flux talisman
 q - a blade talisman
Wands
 o - a wand of flame (13)
Scrolls
 j - a scroll of teleportation
Potions
 a - 2 potions of lignification
 e - a potion of resistance
 g - 2 potions of invisibility
 m - a potion of attraction {unknown}
 n - a potion of brilliance {unknown}


   Skills:
 + Level 3.0 Fighting
 + Level 3.6 Dodging
 + Level 4.2 Unarmed Combat
 * Level 4.9 Shapeshifting


You had 5 spell levels left.
You didn't know any spells.
Your spell library contained the following spells:

 Spells                   Type           Power      Damage    Failure   Level
 Apportation              Tloc           0%         N/A       30%         1
 Jinxbite                 Hex            0%         N/A       43%         2
 Mercury Vapours          Alch/Air       0%         N/A       43%         2
 Mephitic Cloud           Conj/Alch/Air  0%         N/A       67%         3
 Alistair's Intoxication  Alch           0%         N/A       100%        5
 Freezing Cloud           Conj/Ice/Air   0%         6-21      100%        5


Dungeon Overview and Level Annotations

Branches:
Dungeon (5/15)             Temple (1/1) D:5

Altars:
Ashenzari
Cheibriados
Dithmenos
Elyvilon
Gozag
Hepliaklqana
Kikubaaqudgha
Makhleb
Nemelex Xobeh
Qazlal
Sif Muna
Trog
Uskayaw
Vehumet
Wu Jian
Xom
Yredelemnul
Zin
The Shining One

Annotations:
D:2 1 runed translucent door, exclusion: door, Crazy Yiuf
Temple 2 transporters


Innate Abilities, Weirdness & Mutations

You are a hulking beast.
Your limbs bulge with bestial killing power. (Slay +2)
You cannot wear most types of armour.
You are amphibious.
You can wear up to eight rings at the same time.
Your skin changes colour to match your surroundings (Stealth+).
Your rubbery body absorbs attacks. (AC +1, EV +1)
((You are camouflaged when in or above water. (Stealth+)))
You have tentacles for arms and can constrict up to eight enemies at once.


Message History

You kill the iguana!
Vehumet accepts your kill. The orc hits you with a +0 hand axe.
Your Fighting skill increases to level 3!
You bludgeon the orc!
You kill the orc!
Vehumet accepts your kill.
You see here a blade talisman.
q - a blade talisman You are too injured to fight recklessly!
You are too injured to fight recklessly!
You are too injured to fight recklessly!
A phantom comes into view.
A gnoll comes into view. It is wielding a +0 spear.
A gnoll comes into view.
It is wielding a +0 flail and quivering a throwing net.
The gnoll shouts! x2
A gnoll sergeant comes into view. It is wielding a +0 spear.
A gnoll comes into view. It is wielding a +0 halberd.
The gnoll shouts!
The phantom hits you.
The phantom blinks!
You blink.
You barely miss the phantom. You block the phantom's attack.
You tentacle-slap the phantom. Your squeeze misses the phantom.
The phantom is moderately damaged.
The phantom hits you.
You closely miss the phantom. You squeeze the phantom.
The phantom is moderately damaged.
The phantom hits you.
You barely miss the phantom.
The phantom is moderately damaged.
The phantom hits you.
You tentacle-slap the phantom.
The phantom is moderately damaged.
You completely miss the phantom. Your squeeze misses the phantom.
The phantom is moderately damaged.
The phantom hits you! The phantom hits you!
* * * LOW HITPOINT WARNING * * *
The gnoll attacks as it pursues you!
The gnoll hits you from afar with a +0 spear!
You die...

#..g......#
###.###.#.#.#
#####.g.##......## ###
#....g##...#.#...#
#.##
#..###....###.#...##
##..## #.
#...###...##...##
##....# #.
#g#........#.....
##...###
#.###...##..>..##....
##...##
#.##hW#..#........#..
###...##
##.#....#.##...###....
.....##
#..#.##.#..#.###......
.<..##
#.#..##....#.#...#####
....##
#.#.######.....###
#....#######.#.#
##.#.##
#..............# #...#
###.#######..### #####
### ##..#


You could see a phantom, a gnoll sergeant and 2 gnolls.

Vanquished Creatures
  A bombardier beetle (D:4)
  3 hounds
  An iguana (D:5)
  Natasha (thrice) (D:2)
  2 orc wizards (D:3)
  An adder (D:4)
  A dart slug (D:1)
  3 ribbon worms
  13 orcs
  11 bats
  7 endoplasms
  2 giant cockroaches (D:2)
  6 goblins
  4 hobgoblins
  2 jackals (D:1)
  5 kobolds
  5 quokkas
  12 ball pythons
  5 frilled lizards
  9 rats
96 creatures vanquished.

Notes
Turn   | Place    | Note
-------+----------+-------------------------------------------
     0 | D:1      | Killerpretzel the Octopode Shapeshifter began the quest for
                  | the Orb.
     0 | D:1      | Reached XP level 1. HP: 13/13 MP: 1/1
   185 | D:1      | Reached XP level 2. HP: 18/18 MP: 2/2
   470 | D:1      | Reached XP level 3. HP: 23/23 MP: 3/3
  1127 | D:2      | Noticed Natasha
  1135 | D:2      | Killed Natasha
  1136 | D:2      | Reached XP level 4. HP: 23/29 MP: 4/4
  1325 | D:2      | Found a faded altar of an unknown god.
  1488 | D:2      | Noticed Natasha
  1495 | D:2      | Killed Natasha
  1561 | D:2      | Noticed Natasha
  1565 | D:2      | Killed Natasha
  1566 | D:2      | Reached XP level 5. HP: 34/34 MP: 5/5
  1577 | D:2      | Found a runed translucent door.
  1578 | D:2      | Noticed Crazy Yiuf
  2749 | D:3      | Found a sparkling altar of Nemelex Xobeh.
  2750 | D:3      | Found an opulent altar of Gozag.
  2924 | D:4      | Reached XP level 6. HP: 39/41 MP: 6/6
  3534 | D:5      | Entered Level 5 of the Dungeon
  3600 | D:5      | Found a staircase to the Ecumenical Temple.
  3610 | Temple   | Found a transporter.
  3610 | Temple   | Found a transporter.
  3610 | Temple   | Found a transporter.
  3610 | Temple   | Found a transporter.
  3610 | Temple   | Entered the Ecumenical Temple
  3625 | Temple   | Became a worshipper of Vehumet
  3717 | D:5      | Slain by a gnoll

Illustrated notes

Levels and vault maps discovered:
D:1:      lemuel_arrival_funnel, layout_basic, serial_co_window_serial,
          co_window_of_opportunity_a, co_window_corner_a, co_window_corner_a,
          co_window_paths_a, co_window_corner_a, co_window_cross_2,
          co_window_broadway_c, co_window_corner_ca, co_window_sun,
          glass_columns_c, glass_columns_c, glass_columns_a, glass_columns_c,
          glass_columns_b
D:2:      layout_rooms, shapermc_ecumenical_altar_mp_ritualfount,
          uniq_crazy_yiuf_cottage, uniq_natasha
D:3:      layout_loops_ring, grunt_temple_overflow_opulence, patterned_corridor
D:4:      layout_loops_ring, serial_bayou_lagoon_a
D:5:      minmay_chambers_of_threes, layout_layer_cave,
          minmay_temple_entry_slanted, small_statue_intersection,
          minmay_misc_feat_square, wad_floor_pattern_1
Temple:   hellmonk_temple_divided_pantheon

Skill      XL: |  1  2  3  4  5  6 |
---------------+-------------------+-----
Fighting       | 2 3 |  3.0
Shapeshifting  | 4 |  4.9
Dodging        | 3 |  3.6
Unarmed Combat | 4 |  4.2

Action                     |  1- 3 |  4- 6 || total
---------------------------+-------+-------++-------
  Melee: Unarmed           |    62 |   120 ||   182
         Constrict         |    19 |    29 ||    48
         Tentacles         |    11 |    18 ||    29
         Punch             |       |     4 ||     4
  Throw: Stone             |     8 |       ||     8
         Dart              |       |    64 ||    64
         Boomerang         |       |    25 ||    25
    Use: Scroll            |     1 |     5 ||     6
   Stab: Sleeping          |     6 |     1 ||     7
 Armour: Skin              |    34 |    41 ||    75
  Dodge: Dodged            |    33 |    58 ||    91
  Block: Other             |     2 |    14 ||    16
